 Dungeon Crawl Stone Soup version 0.31-a0-187-gba352fbbf7 (webtiles) character file.

Game seed: 4760192347512435008

2342096 Ge0ff the Angry Troglodyte (level 27, 124/248 (265) HPs)
             Began as an Armataur Berserker on June 21, 2023.
             Was a Follower of Trog.
             Escaped with the Orb
             ... and 4 runes on June 22, 2023!
             The game lasted 03:16:42 (71161 turns).

Ge0ff the Angry Troglodyte (Armataur Berserker)    Turns: 71161, Time: 03:16:43

HP:   124/248 (265) AC: 28    Str: 33    XL:     27
MP:   46/46         EV: 13    Int:  4    God:    Trog [*.....]
Gold: 4462          SH:  0    Dex: 18    Spells: 26/26 levels left

rFire   + . .        a - +8 lajatang (vamp)
rCold   + + .        (shield currently unavailable)
rNeg    + . .        t - +5 ring mail of the Lemon {rF+ rN+ Int-4 SInv}
rPois   +            G - +1 hat
rElec   +            L - +2 cloak
rCorr   .            Q - +0 pair of fencer's gloves {Riposte Dex+3}
SInv    +            w - +0 barding
Will    +++..        (no amulet)
Stlth   ++           z - ring of willpower
HPRegen 2.21/turn    D - ring "Yci Ceax" {rElec rPois rC+ MP+9, =R}
MPRegen 0.30/turn

%: roll
@: marked, weakened, drained, invisible (expiring)
A: large, rugged brown scales 3, deformed body, armoured tail, roll, long
tongue, awkward tongue, cold resistance 1, deterioration 1, regeneration 2,
shaggy fur 1, strong 1
0: Orb of Zot
}: 4/15 runes: decaying, silver, abyssal, gossamer
a: Renounce Religion, Berserk


You escaped.
You worshipped Trog.
Trog was aware of your devotion.
You visited 10 branches of the dungeon, and saw 50 of its levels.
You visited the Abyss 2 times.
You also visited: Sewer.

You collected 10523 gold pieces.
You spent 6061 gold pieces at shops.

Inventory:

Hand Weapons
 a - a +8 vampiric lajatang (weapon)
 b - the +7 lajatang of Haheen {heavy, Dex+3}
   (Trog gifted it to you on level 3 of the Elven Halls)

   Dex:       It affects your dexterity (+3).
 h - the +5 quarterstaff "Itigest" {antimagic, rPois rF+ rC+}
   (Trog gifted it to you on level 5 of the Lair of Beasts)

   rF:        It protects you from fire.
   rC:        It protects you from cold.
   rPois:     It protects you from poison.
 p - a +6 antimagic lajatang
 P - the +4 quarterstaff of the Lair of Beasts {antimagic, rElec rF- rC+++ Dex+2}
   (Trog gifted it to you on level 2 of the Elven Halls)

   Dex:       It affects your dexterity (+2).
   rF:        It makes you vulnerable to fire.
   rC:        It renders you almost immune to cold.
   rElec:     It insulates you from electricity.
Missiles
 g - 2 throwing nets {=F}
 i - 9 silver javelins
 r - 6 javelins (quivered)
 v - 11 curare-tipped darts {=F}
Armour
 f - a +4 troll leather armour {Pargi}
 t - the +5 ring mail of the Lemon (worn) {rF+ rN+ Int-4 SInv}
   (You found it on level 9 of the Dungeon)

   Int:       It affects your intelligence (-4).
   rF:        It protects you from fire.
   rN:        It protects you from negative energy.
   SInv:      It lets you see invisible.
 w - a +0 barding (worn)
 G - a +1 hat (worn)
 L - a +2 cloak (worn)
 Q - the +0 pair of fencer's gloves (worn) {Riposte Dex+3}
   (You bought it in a shop on level 2 of the Orcish Mines)

   Riposte:   It allows the wearer to riposte with melee weapons, swiftly
   retaliating against missed or blocked melee attacks.
   Dex:       It affects your dexterity (+3).
Jewellery
 z - a ring of willpower (left hand)
 A - the amulet "Elia" {Reflect *Corrode rN++ Regen+ SH+5 Stlth+}
   (You found it on level 1 of the Depths)

   [amulet of reflection]

   It reflects blocked missile attacks.
   rN:        It greatly protects you from negative energy.
   Regen:     It increases your rate of health regeneration.
   *Corrode:  It may corrode you when you take damage.
   SH:        It affects your SH (+5).
   Stlth:     It makes you more stealthy.
 D - the ring "Yci Ceax" (right hand) {rElec rPois rC+ MP+9, =R}
   (You acquired it on level 2 of the Crypt)

   [ring of poison resistance]

   rC:        It protects you from cold.
   rElec:     It insulates you from electricity.
   rPois:     It protects you from poison.
   MP:        It affects your magic capacity (+9).
 J - an amulet of guardian spirit
 N - an amulet of faith
 Y - a ring of flight
Wands
 d - a wand of digging (30)
 e - a wand of charming (47)
 j - a wand of light (30)
 k - a wand of iceblast (9)
 s - a wand of mindburst (36)
Scrolls
 y - 5 scrolls of immolation
 C - 5 scrolls of poison
 E - 8 scrolls of fear
 F - 3 scrolls of fog
 S - a scroll of butterflies
 T - 12 scrolls of teleportation
 V - 11 scrolls of vulnerability
Potions
 o - 7 potions of ambrosia
 q - 8 potions of curing
 u - 11 potions of mutation {!q}
 K - 5 potions of magic {!q}
 M - 2 potions of might
 R - 2 potions of resistance
 W - 7 potions of heal wounds {!q}
 X - 4 potions of enlightenment
 Z - 2 potions of berserk rage {!q}
Miscellaneous
 c - a condenser vane (inert)
 l - a lightning rod (4/4)
 n - a phial of floods
 O - a sack of spiders (inert)
 U - a phantom mirror (inert)


   Skills:
 + Level 20.4 Fighting
 - Level 5.6(14.0) Maces & Flails
 - Level 19.7(20.0) Staves
 - Level 16.0 Throwing
 - Level 16.0 Armour
 + Level 10.6 Dodging
 - Level 10.0 Stealth
 * Level 21.8 Invocations
 + Level 16.6 Evocations


You had 26 spell levels left.
You didn't know any spells.
Your spell library was empty.

Dungeon Overview and Level Annotations

Branches:
Dungeon (15/15)            Temple (0/1) D:4            Lair (5/5) D:11
  Swamp (4/4) Lair:3       Spider (4/4) Lair:2        Slime (0/5) Lair:5
    Orc (2/2) D:11            Elf (3/3) Orc:2        Vaults (5/5) D:14
  Crypt (3/3) Vaults:3       Tomb (0/3) Crypt:3      Depths (4/4) D:15
    Zot (5/5) Depths:4      Sewer (visited)

Altars:
Cheibriados
Dithmenos
Kikubaaqudgha
Makhleb
Nemelex Xobeh
Okawaru
Qazlal
Uskayaw
Vehumet
Wu Jian
Yredelemnul
Zin
The Shining One

Shops:
D:2 (   D:5 :   Orc:2 **[[   Vaults:2 [   Vaults:3 =   Vaults:4 !   Depths:3 =
Depths:4 =(?==:[

Portals:
Hell: Depths:1 Depths:2 Depths:3 Depths:4
Abyss: Depths:3
Pandemonium: Depths:2 Depths:3
Ziggurat: Depths:1

Annotations:
Zot:4 1 transporter, exclusion: orange crystal statue


Innate Abilities, Weirdness & Mutations

You are completely covered in rugged brown scales. (AC +3, +7% HP)
Armour fits poorly on your strangely shaped body.
You have a long armoured tail.
You roll when moving toward enemies. (Rampage)
Your long tongue fully drains potion bottles. (2x potion effects)
Your tongue gives you trouble enunciating. (1.5x scroll delay)
Your flesh is cold resistant. (rC+)
Your body sometimes deteriorates upon taking damage.
You heal very quickly.
You are covered in fur. (AC +1)
Your muscles are strong. (Str +4, Int/Dex -1)


Message History

You continue putting on your amulet of faith.
You are no longer corroded.
You continue putting on your amulet of faith. x2
The balrug gestures at you. Something smites you!
You continue putting on your amulet of faith.
The balrug gestures at you.
The fireball explodes!
The fireball engulfs you!! You resist.
The sun demon hits the plant!
The plant begins to die.
The plant is engulfed in flames!
You finish putting on your amulet of faith.
You feel a surge of divine interest.
N - an amulet of faith (around neck) Really remove
N - an amulet of faith?
Keep disrobing?
You start removing your amulet.
You continue taking off your amulet of faith.
You flicker for a moment.
The balrug gestures at you. Something smites you!
You continue taking off your amulet of faith.
The balrug gestures at you. The bolt of fire hits you. You resist.
The tree burns like a torch!
The sun demon barely misses you.
You continue taking off your amulet of faith.
The balrug hits you with a +1 demon whip of flaming.
You are engulfed in flames!
You resist.
You continue taking off your amulet of faith.
A nearby plant withers and dies.
The balrug hits you with a +1 demon whip of flaming.
You are engulfed in flames!
You resist. The balrug burns you. The sun demon hits you.
You are engulfed in flames!
You resist. The sun demon barely misses you.
The forest fire spreads!
You finish taking off your amulet of faith.
Trog seems less interested in you.
You feel less pious.
You can no longer call upon Trog for regeneration and willpower.
The sun demon misses you.
You riposte.
You hit the sun demon.
The sun demon is lightly wounded.
The balrug gestures at you.
The fireball explodes!
The fireball engulfs you. You resist.
The fireball engulfs the sun demon.
The sun demon completely resists.
The fireball engulfs the balrug.
The balrug completely resists.
The fireball engulfs the sun demon.
The sun demon completely resists.
The fireball engulfs the sun demon.
The sun demon completely resists.
The sun demon hits you.
You are engulfed in flames!
You resist.
The sun demon hits you but does no damage. x3
The balrug hits you with a +1 demon whip of flaming!
You are engulfed in flames!
You resist. The balrug burns you.
The forest fire spreads! x2
You have escaped!

♣♣♣♣♣♣ ♣
♣♣♣P♣..♣♣♣♣♣♣
≈≈≈♣♣♣....♣3..33.♣§♣♣
≈≈≈♣
♣.♣.♣♣♣♣♣)2@..§§♣ ≈♣
♣♣.♣♣ ♣..3...§♣ ♣♣
♣.♣♣ ♣.♣).♣♣♣♣ ♣♣.♣♣
♣♣..♣♣ ♣♣.♣ ♣♣.♣♣
♣♣♣..♣ ♣..♣ ♣ ♣♣..♣♣♣
♣♣.♣ ♣♣ ♣♣.♣♣♣ ♣.♣
.♣♣♣.♣♣ ♣♣♣.♣


You could see a balrug and 4 sun demons.

Vanquished Creatures
  4 dread liches
  3 ancient liches (Vaults:5)
  3 orbs of fire (Zot:5)
  Nikola (Spider:2)
  A profane servitor (D:15)
  3 golden dragons
  2 bone dragons
  5 tentacled monstrosities
  Zenata (Elf:2)
  A titan (Vaults:5)
  12 Orb Guardians
  4 deep elf blademasters
  8 liches
  7 quicksilver dragons
  The ghost of Wiath the Deadly Accurate, an adept DrBr of Ashenzari (Vaults:4)
  2 deep elf master archers (Elf:3)
  2 sphinxes
  8 storm dragons
  A pandemonium lord (D:1)
  2 Executioners
  7 shadow dragons
  4 tengu reavers
  A tentacled starspawn (Abyss:2)
  The ghost of KimchiStew the Scorcher, an adept HuCj of Sif Muna (Lair:2)
  4 draconian monks
  2 revenants (Crypt:2)
  A thorn hunter (Swamp:3)
  The ghost of Takeo the Covert, an adept GnDe of Gozag (Spider:2)
  8 frost giants
  Roxanne (Spider:3)
  A draconian knight (Zot:5)
  10 fire giants
  6 emperor scorpions
  Aizul (Spider:1)
  12 vault wardens
  8 deep elf sorcerers
  An iron dragon (Depths:1)
  3 juggernaut zombies
  3 draconian scorchers
  4 ghost moths
  A balrug (Depths:3)
  5 ghouls
  Louise (Elf:2)
  3 orc warlords
  A draconian stormcaller (Zot:5)
  5 deep elf elementalists (Elf:3)
  A caustic shrike skeleton (Depths:3)
  A draconian shifter (Zot:3)
  3 reapers
  A demonspawn corrupter (D:1)
  16 ironbound preservers
  17 very ugly things
  11 vampire knights
  6 broodmothers
  3 formless jellyfish
  2 spriggan defenders (Depths:4)
  5 war gargoyles
  A rockslime zombie (Crypt:2)
  A draconian annihilator (Zot:5)
  8 stone giants
  A juggernaut skeleton (Depths:3)
  3 green draconians
  8 ironbound thunderhulks
  5 eleionomae
  3 dire elephants
  A demonspawn black sun (D:1)
  6 deep elf demonologists (Elf:3)
  2 black draconians
  2 red draconians
  A lorocyproca (D:1)
  Azrael (D:15)
  2 purple draconians
  4 spark wasps
  A white draconian (Zot:5)
  5 deep elf annihilators (Elf:3)
  A bunyip (Swamp:4)
  3 yellow draconians (Zot:5)
  3 eidola
  Snorg (Orc:2)
  2 green deaths (Swamp:4)
  3 crystal guardians (Crypt:3)
  6 deep elf death magi
  8 ettins
  6 jiangshi
  5 entropy weavers
  7 great orbs of eyes
  A shambling mangrove (Swamp:4)
  5 fire dragons
  34 vault guards
  18 yaktaur captains
  4 deep elf high priests
  2 quicksilver dragon zombies
  2 rakshasas (Depths:1)
  A quicksilver dragon skeleton (Crypt:1)
  10 hydras
  4 spriggan air magi
  An ogre mage (Vaults:5)
  8 ice dragons
  3 catoblepae
  7 jorogumos
  8 ironbound frosthearts
  2 radroaches (Spider:3)
  22 centaur warriors
  5 boulder beetles
  A spriggan skeleton (Crypt:3)
  31 dancing weapons
  A two-headed ogre (shapeshifter) (Vaults:5)
  8 two-headed ogres
  8 alligators
  8 deep troll shamans
  An anaconda (Spider:2)
  2 ghost crabs
  2 death knights
  7 demonic crawlers
  A death scarab (Spider:3)
  5 deep troll earth magi
  A titan zombie (Depths:3)
  A thrashing horror (Abyss:3)
  5 death yaks (Lair:5)
  An orc high priest (Orc:2)
  3 tengu warriors
  4 vampire magi
  A storm dragon zombie (Depths:3)
  A sun demon (Depths:2)
  2 soul eaters
  2 spriggan berserkers (Depths:4)
  27 deep elf knights
  7 iron trolls
  2 goliath frogs
  14 hell knights
  A titan skeleton (Depths:3)
  2 pharaoh ants
  A wretched star (Abyss:3)
  6 golden dragon zombies
  3 spriggan druids
  2 sun moths
  A storm dragon skeleton (Depths:3)
  25 skeletal warriors
  11 flayed ghosts
  4 swamp dragons
  A bunyip zombie (Crypt:3)
  46 deep trolls
  11 orb spiders
  A death drake (Abyss:2)
  18 ironbound convokers
  An obsidian statue (Zot:5)
  2 tengu zombies
  6 glowing orange brains
  A harpy (shapeshifter) (D:14)
  5 lindwurms
  11 necromancers
  7 phantasmal warriors
  14 bog bodies
  8 steelbarb worms
  A broodmother zombie (Crypt:1)
  A bunyip skeleton (Crypt:3)
  17 deep elf archers
  25 deep elf zephyrmancers
  3 orc knights
  9 harpies
  2 shadow dragon zombies (Depths:3)
  15 wolf spiders
  9 wizards
  A shadow dragon skeleton (Depths:3)
  A steelbarb worm (shapeshifter) (Vaults:5)
  30 deep elf pyromancers
  3 manticores
  A sphinx skeleton (Depths:3)
  2 will-o-the-wisps
  13 orc sorcerers
  26 ugly things
  A salamander (shapeshifter) (Vaults:5)
  2 tengu skeletons
  2 cyclopes
  11 moths of wrath
  An eye of devastation (shapeshifter) (Vaults:5)
  A fire giant skeleton (Crypt:2)
  3 frost giant skeletons
  An iron dragon skeleton (Depths:3)
  19 vault sentinels
  3 molten gargoyles (Lair:5)
  A rust devil (D:1)
  A black mamba (shapeshifter) (Vaults:5)
  2 smoke demons
  A water nymph (shapeshifter) (Depths:2)
  7 black mambas
  11 cane toads
  15 elephants
  5 torpor snails
  3 gargoyles
  An unseen horror (shapeshifter) (Vaults:5)
  5 orange demons
  A kobold demonologist (Abyss:2)
  A purple draconian zombie (Crypt:1)
  7 unseen horrors (Abyss:3)
  3 rime drakes
  2 freezing wraiths
  An efreet (D:14)
  A tengu conjurer (Depths:4)
  An ancient zyme (Abyss:2)
  18 komodo dragons
  40 yaktaurs
  A polar bear (Lair:3)
  A hydra zombie (Crypt:3)
  A tormentor (Abyss:3)
  3 harpy zombies (Crypt:3)
  3 meliai (Spider:1)
  5 bloated husks
  A grey draconian skeleton (Crypt:1)
  2 harpy skeletons (Crypt:3)
  11 hornets
  2 hellwings
  7 tyrant leeches
  8 trolls
  22 blink frogs
  24 tarantellas
  A wolf spider simulacrum (D:15)
  4 dream sheep (Lair:4)
  A radroach zombie (Crypt:2)
  26 culicivoras
  4 water elementals
  A jumping spider (shapeshifter) (D:13)
  19 slime creatures
  40 flying skulls
  26 jumping spiders
  15 large abominations
  A culicivora (shapeshifter) (D:14)
  7 wraiths
  A vampire (D:12)
  10 spriggans
  13 wyverns
  A basilisk (shapeshifter) (D:14)
  A black mamba zombie (Crypt:1)
  2 shadows (Swamp:4)
  An air elemental (Elf:3)
  4 ynoxinuls
  42 yaks
  2 basilisks
  4 chaos spawn
  A redback simulacrum (D:14)
  A black mamba skeleton (Crypt:1)
  A hog (shapeshifter) (Elf:1)
  A neqoxec (Depths:2)
  6 steam dragons
  53 redbacks
  15 vampire mosquitoes
  8 fire elementals
  23 swamp worms
  2 glowing shapeshifter zombies (Depths:3)
  Edmund (D:6)
  9 wargs (Orc:2)
  Duvessa (D:5)
  An acid dragon (shapeshifter) (Vaults:5)
  2 acid dragons
  A glowing shapeshifter skeleton (Depths:3)
  17 hell hounds
  17 water moccasins
  A swamp drake (Swamp:2)
  2 floating eyes (shapeshifter)
  3 sky beasts
  16 orc warriors
  Pargi (Sewer)
  8 black bears
  2 ice beasts (D:6)
  9 ogres
  10 centaurs
  13 wolves
  A rime drake zombie (Crypt:1)
  2 phantoms
  6 small abominations
  17 bullfrogs
  4 elf zombies
  4 necrophages
  17 scorpions
  4 earth elementals
  A gnoll sergeant (D:12)
  7 wights
  A yaktaur skeleton (Crypt:1)
  A warg skeleton (Crypt:2)
  Dowan (D:5)
  5 killer bees (D:9)
  6 howler monkeys
  5 electric eels
  5 lava snakes (Lair:5)
  3 crimson imps (Abyss:2)
  4 jellies
  A jelly (shapeshifter) (Vaults:5)
  A quasit (Abyss:2)
  A centaur zombie (Crypt:1)
  2 hounds
  9 orc priests
  2 iron imps
  4 iguanas
  32 orc wizards
  9 hell rats
  A statue (D:5)
  A sky beast zombie (Crypt:2)
  A deep dwarf skeleton (Crypt:2)
  A hound zombie (Crypt:2)
  11 gnolls
  5 adders
  A swamp drake skeleton (Crypt:2)
  3 shadow imps
  4 white imps
  An ufetubus (D:4)
  2 worms
  2 dart slugs
  75 orcs
  7 endoplasms
  3 giant cockroaches
  5 goblins
  5 hobgoblins
  2 jackals (D:4)
  5 quokkas
  5 ball pythons
  7 bats
  6 frilled lizards
  3 kobolds
  An orc zombie (Crypt:1)
  8 rats
  A butterfly (Lair:1)
  A lurking horror (Abyss:3)
1997 creatures vanquished.

Vanquished Creatures (collateral kills)
  the Lernaean hydra (Swamp:4)
  2 bone dragons (Depths:4)
  A shadow dragon (Zot:5)
  The ghost of NigelTetley the Martial Artist, an adept OpTm of Ashenzari (D:14)
  A storm dragon (Depths:4)
  A draconian scorcher (Zot:2)
  A war gargoyle (Vaults:3)
  2 ironbound preservers (Vaults:3)
  A green draconian (Depths:4)
  3 dire elephants
  A red draconian (Zot:5)
  A yellow draconian (Zot:5)
  2 black draconians
  2 entropy weavers
  A yaktaur captain (Vaults:4)
  A great orb of eyes (Vaults:3)
  A hydra (Swamp:4)
  An ice dragon (Depths:3)
  A vault guard (Vaults:5)
  A jorogumo (Spider:2)
  A centaur warrior (D:14)
  A two-headed ogre (Orc:1)
  2 deep troll shamans
  A deep elf knight (Elf:2)
  A goliath frog (Swamp:3)
  A pharaoh ant (Spider:4)
  6 deep trolls
  A lindwurm (Vaults:3)
  A steelbarb worm (Spider:4)
  An orc sorcerer (Orc:2)
  3 ugly things
  2 slime creatures
  2 elephants
  An efreet (D:14)
  A yaktaur (Vaults:3)
  A troll (Orc:1)
  2 tarantellas
  3 dream sheep (Lair:4)
  2 yaks
  A flying skull (Depths:3)
  10 jumping spiders
  A culicivora (Spider:1)
  A basilisk (Lair:5)
  6 redbacks
  A swamp worm (Swamp:3)
  3 orc warriors (Orc:1)
  A water moccasin (Lair:5)
  A swamp drake (Swamp:3)
  An ogre (Orc:1)
  2 jellies (Lair:5)
  An orc priest (Orc:1)
  A hell rat (Lair:5)
  6 orcs
95 creatures vanquished.

Vanquished Creatures (others)
  A death cob (Zot:2)
  A caustic shrike zombie (Depths:3)
  2 deep elf knights (Elf:2)
  A swamp dragon (Swamp:4)
  A wizard (D:14)
  A deep elf pyromancer (Elf:2)
  A deep elf archer (Elf:2)
  A black mamba (Abyss:2)
  A gargoyle (D:14)
  An unseen horror (Elf:2)
  2 bloated husks
  A hornet (D:14)
  A water elemental (D:15)
  A fire elemental (D:15)
  A golden eye (shapeshifter) (D:14)
  A warg (Abyss:2)
  A wight (D:7)
  3 orc wizards (Orc:2)
  3 orcs (Orc:2)
  12 foxfires
  A lurking horror (Abyss:2)
  3 starspawn tentacles
41 creatures vanquished.

Grand Total: 2133 creatures vanquished

Notes
Turn   | Place    | Note
-------+----------+-------------------------------------------
     0 | D:1      | Ge0ff the Armataur Berserker began the quest for the Orb.
     0 | D:1      | Reached XP level 1. HP: 19/19 MP: 1/1
   166 | D:1      | Reached skill level 1 in Stealth
   327 | D:1      | Reached XP level 2. HP: 10/26 MP: 2/2
  1253 | D:2      | Found a sparkling altar of Nemelex Xobeh.
  1287 | D:2      | Found Faleibush's Weapon Boutique.
  1305 | D:2      | Reached XP level 3. HP: 32/32 MP: 3/3
  1399 | D:2      | Reached ** piety under Trog
  1985 | D:3      | Found a faded altar of an unknown god.
  2325 | D:3      | Reached XP level 4. HP: 36/39 MP: 4/4
  2354 | D:3      | Found an iron altar of Okawaru.
  2773 | D:4      | Noticed a phantom
  2781 | D:4      | Killed a phantom
  2782 | D:4      | Reached XP level 5. HP: 48/48 MP: 5/5
  2862 | D:4      | Found a staircase to the Ecumenical Temple.
  3102 | D:4      | Reached skill level 5 in Maces & Flails
  3102 | D:4      | Reached XP level 6. HP: 26/54 MP: 6/6
  3476 | D:4      | Identified a scroll of acquirement
  3477 | D:4      | Acquired a +1 lajatang of venom
  3635 | D:4      | Found an ornate altar of the Wu Jian Council.
  3739 | D:4      | Identified the +1 leather armour of Anarchy {rC+++ Str-2
                  | Stlth+}
  3798 | D:5      | Entered Level 5 of the Dungeon
  3825 | D:4      | Reached skill level 1 in Staves
  4103 | D:4      | Reached XP level 7. HP: 49/64 MP: 7/7
  4155 | D:5      | Reached *** piety under Trog
  4402 | D:5      | Reached skill level 5 in Fighting
  4454 | D:5      | Found a radiant altar of Vehumet.
  4549 | D:5      | Noticed Duvessa
  4551 | D:5      | Noticed Dowan
  4558 | D:5      | Killed Duvessa
  4559 | D:5      | Reached XP level 8. HP: 54/72 MP: 8/8
  4562 | D:5      | Killed Dowan
  4563 | D:5      | Reached skill level 5 in Staves
  4579 | D:5      | Found Feow's Book Emporium.
  5209 | D:6      | Reached skill level 1 in Evocations
  5270 | D:6      | Noticed Edmund
  5271 | D:6      | Found a glowing drain.
  5278 | D:6      | Killed Edmund
  5300 | Sewer    | Entered a sewer
  5342 | Sewer    | Noticed Pargi
  5346 | Sewer    | Killed Pargi
  5485 | D:6      | Reached XP level 9. HP: 79/79 MP: 9/9
  5516 | D:6      | Found a shadowy altar of Dithmenos.
  5917 | D:7      | Reached **** piety under Trog
  6165 | D:7      | Reached skill level 5 in Evocations
  6953 | D:7      | Found a hide-covered altar of Uskayaw.
  7121 | D:8      | Reached skill level 10 in Staves
  7142 | D:8      | Found a glowing golden altar of the Shining One.
  7201 | D:8      | Found a basalt altar of Yredelemnul.
  7201 | D:8      | Found a snail-covered altar of Cheibriados.
  7242 | D:8      | Noticed a two-headed ogre
  7246 | D:8      | Reached XP level 10. HP: 86/86 MP: 10/10
  7250 | D:8      | Killed a two-headed ogre
  7904 | D:9      | Identified the +5 ring mail of the Lemon {rF+ rN+ Int-4
                  | SInv}
  8487 | D:10     | Entered Level 10 of the Dungeon
  8605 | D:10     | Noticed a two-headed ogre
  8612 | D:10     | Killed a two-headed ogre
  8816 | D:10     | Noticed a gargoyle
  8821 | D:10     | Killed a gargoyle
  9249 | D:10     | Noticed a hell knight
  9255 | D:10     | Killed a hell knight
  9256 | D:10     | Reached XP level 11. HP: 92/92 MP: 11/11
  9339 | D:10     | Noticed a hell knight
  9339 | D:10     | Noticed a hell knight
  9354 | D:10     | Killed a hell knight
  9355 | D:10     | Noticed a necromancer
  9355 | D:10     | Noticed a hell knight
  9355 | D:10     | Noticed a hell knight
  9355 | D:10     | Noticed a hell knight
  9357 | D:10     | Noticed a necromancer
  9358 | D:10     | Killed a hell knight
  9678 | D:11     | Reached ***** piety under Trog
  9681 | D:11     | Noticed a two-headed ogre
  9813 | D:11     | Killed a two-headed ogre
  9905 | D:11     | Reached skill level 1 in Throwing
  9915 | D:11     | Found a staircase to the Orcish Mines.
  9929 | D:11     | Found a staircase to the Lair.
 10037 | D:11     | Noticed a boulder beetle
 10050 | D:11     | Killed a boulder beetle
 10142 | D:11     | Noticed a two-headed ogre
 10149 | D:11     | Killed a two-headed ogre
 10600 | D:11     | Received a gift from Trog
 10605 | D:11     | Noticed a cyan ugly thing
 10621 | D:11     | Killed a cyan ugly thing
 10833 | Lair:1   | Entered Level 1 of the Lair of Beasts
 10931 | Lair:1   | Reached XP level 12. HP: 79/107 MP: 12/12
 10937 | Lair:1   | Reached skill level 5 in Armour
 11526 | Lair:1   | Identified the +0 leather armour "Aprohaus" {Str+3}
 11744 | Lair:2   | Upgraded the game from 0.31-a0-182-gc5ef74bbde to
                  | 0.31-a0-187-gba352fbbf7
 11872 | Lair:2   | Found a hole to the Spider Nest.
 11929 | Lair:2   | Noticed KimchiStew's ghost (adept HuCj)
 11930 | Lair:2   | Found a transporter.
 11934 | Lair:2   | Found a transporter.
 12542 | Lair:2   | Reached skill level 5 in Throwing
 12865 | Lair:3   | Reached XP level 13. HP: 105/118 MP: 13/13
 12913 | Lair:3   | Found a staircase to the Swamp.
 12997 | Lair:3   | Received a gift from Trog
 13134 | Lair:3   | Acquired 1356 gold pieces
 13672 | Lair:3   | Reached skill level 10 in Fighting
 15077 | Lair:5   | Entered Level 5 of the Lair of Beasts
 15432 | Lair:5   | Reached XP level 14. HP: 73/132 MP: 14/14
 15598 | Lair:5   | Reached skill level 10 in Armour
 15640 | Lair:5   | Identified the +5 quarterstaff "Itigest" {antimagic, rPois
                  | rF+ rC+} (Trog gifted it to you on level 5 of the Lair of
                  | Beasts)
 15640 | Lair:5   | Received a gift from Trog
 15645 | Lair:5   | Found a staircase to the Slime Pits.
 16469 | Lair:5   | Reached skill level 10 in Evocations
 16628 | Lair:5   | Found a large runed translucent door.
 16628 | Lair:5   | Found a large runed translucent door.
 16651 | Lair:5   | Identified the +6 shortbow "Cuduutse" {heavy, Contam +Blink
                  | rCorr}
 17287 | Orc:1    | Entered Level 1 of the Orcish Mines
 17299 | Orc:1    | Reached ****** piety under Trog
 17532 | Orc:2    | Entered Level 2 of the Orcish Mines
 17748 | Orc:2    | Found a staircase to the Elven Halls.
 17929 | Orc:2    | Noticed Snorg
 17950 | Orc:2    | Killed Snorg
 18192 | Orc:2    | Found Qunesik's Antique Armour Shoppe.
 18192 | Orc:2    | Found Zeocs's Armour Shop.
 18193 | Orc:2    | Identified the +3 quarterstaff of Tomorrow {heavy, Fragile
                  | rN+ Will++ rCorr} (Trog gifted it to you on level 2 of the
                  | Orcish Mines)
 18193 | Orc:2    | Received a gift from Trog
 18211 | Orc:2    | Bought the +0 pair of fencer's gloves {Riposte Dex+3} for
                  | 1400 gold pieces
 18211 | Orc:2    | Found the +0 pair of fencer's gloves {Riposte Dex+3}
 18297 | Orc:2    | Found Teofreck's Assorted Antiques.
 18350 | Orc:2    | Found Pudejok's General Store.
 18375 | Orc:2    | Bought a wand of light (4) for 184 gold pieces
 18375 | Orc:2    | Bought a lightning rod (4/4) for 330 gold pieces
 18412 | Orc:2    | Bought a +2 cloak for 181 gold pieces
 18472 | Orc:2    | Bought a sapphire potion for 23 gold pieces
 18472 | Orc:2    | Bought a scroll of enchant armour for 195 gold pieces
 18472 | Orc:2    | Bought a scroll of immolation for 104 gold pieces
 18618 | Orc:2    | Found a burning altar of Makhleb.
 19067 | D:11     | Reached XP level 15. HP: 132/139 MP: 15/15
 19861 | D:13     | Received a gift from Trog
 20503 | D:13     | Acquired a +5 vampiric lajatang
 20660 | D:14     | Noticed NigelTetley's ghost (adept OpTm)
 20663 | D:14     | Found a transporter.
 20669 | D:14     | Found a transporter.
 21046 | D:14     | Reached skill level 1 in Invocations
 21056 | D:14     | Found a stormy altar of Qazlal.
 21374 | D:14     | Reached skill level 2 in Invocations
 22002 | D:14     | Found a gate to the Vaults.
 22080 | D:14     | Reached skill level 3 in Invocations
 22311 | D:15     | Entered Level 15 of the Dungeon
 22737 | D:15     | Noticed an emperor scorpion
 22760 | D:15     | Killed an emperor scorpion
 22816 | D:15     | Found a staircase to the Depths.
 22882 | D:15     | Noticed Azrael
 23100 | D:15     | Reached skill level 5 in Dodging
 23120 | D:15     | Killed Azrael
 23852 | D:15     | Found a staircase to the Depths.
 24594 | Lair:2   | Killed KimchiStew's ghost
 24595 | Lair:2   | Reached skill level 4 in Invocations
 24696 | Swamp:1  | Entered Level 1 of the Swamp
 25413 | Swamp:1  | Reached XP level 16. HP: 157/157 MP: 5/19
 25729 | Swamp:2  | Reached skill level 5 in Invocations
 25733 | Swamp:2  | Received a gift from Trog
 25734 | Swamp:2  | Reached skill level 15 in Fighting
 26326 | Swamp:3  | Noticed a thorn hunter
 26335 | Swamp:3  | Killed a thorn hunter
 26975 | Swamp:4  | Entered Level 4 of the Swamp
 27603 | Swamp:4  | Reached skill level 6 in Invocations
 27789 | Swamp:4  | Noticed the 27-headed Lernaean hydra
 27794 | Swamp:4  | Killed the 27-headed Lernaean hydra
 27795 | Swamp:4  | Reached skill level 5 in Stealth
 27908 | Swamp:4  | Got a decaying rune of Zot
 28536 | D:14     | Received a gift from Trog
 28570 | D:14     | Killed NigelTetley's ghost
 28755 | Spider:1 | Entered Level 1 of the Spider Nest
 28898 | Spider:1 | Reached XP level 17. HP: 132/166 MP: 14/21
 29720 | Spider:1 | Noticed Aizul
 30043 | Spider:1 | Killed Aizul
 30320 | Spider:2 | Noticed Arachne
 30373 | Spider:2 | Reached skill level 7 in Invocations
 30528 | Spider:2 | Received a gift from Trog
 30777 | Spider:2 | Arachne changed into Arachne the quicksilver dragon
 30777 | Spider:2 | Noticed Arachne
 30789 | Spider:2 | Killed Arachne the quicksilver dragon
 30907 | Spider:2 | Found a runed translucent door.
 30919 | Spider:2 | Noticed Takeo's ghost (adept GnDe)
 30935 | Spider:2 | Killed Takeo's ghost
 30936 | Spider:2 | Noticed Nikola
 30946 | Spider:2 | Killed Nikola
 32165 | Spider:3 | Identified the +0 robe of the Past {rF+ Will+ Regen+}
 32277 | Spider:3 | Received a gift from Trog
 32657 | Spider:3 | Identified Roxanne's Precepts of the Tiger
 32657 | Spider:3 | Noticed Roxanne
 32690 | Spider:3 | Killed Roxanne
 33474 | Spider:4 | Entered Level 4 of the Spider Nest
 34237 | Spider:4 | Reached skill level 8 in Invocations
 34720 | Spider:3 | Received a gift from Trog
 34857 | Spider:4 | Reached XP level 18. HP: 114/172 MP: 17/24
 36755 | Spider:4 | Got a gossamer rune of Zot
 37421 | Elf:1    | Entered Level 1 of the Elven Halls
 37629 | Elf:1    | Identified the +4 quarterstaff of Kyedokk {heavy, Str+4
                  | Stlth-} (Trog gifted it to you on level 1 of the Elven
                  | Halls)
 37629 | Elf:1    | Received a gift from Trog
 38548 | Elf:1    | Reached skill level 9 in Invocations
 39397 | Elf:2    | Received a gift from Trog
 39422 | Abyss:2  | Cast into level 2 of the Abyss (a deep elf sorcerer)
 40067 | Abyss:3  | Found a corrupted altar of Lugonu.
 40230 | Abyss:3  | Got an abyssal rune of Zot
 40246 | Elf:2    | Escaped the Abyss
 40257 | Elf:2    | Reached XP level 19. HP: 153/189 MP: 11/26
 40271 | Elf:2    | Found a huge runed translucent gate.
 40271 | Elf:2    | Found a huge runed translucent gate.
 40271 | Elf:2    | Found a huge runed translucent gate.
 40461 | Elf:2    | Noticed Louise
 40472 | Elf:2    | Identified the +4 quarterstaff of the Lair of Beasts
                  | {antimagic, rElec rF- rC+++ Dex+2} (Trog gifted it to you
                  | on level 2 of the Elven Halls)
 40472 | Elf:2    | Received a gift from Trog
 40476 | Elf:3    | Entered Level 3 of the Elven Halls
 41155 | Elf:2    | Reached skill level 10 in Stealth
 41269 | Elf:3    | Identified the ring of the Barnacle {rPois rC- rN+ Str+6
                  | Dex+3}
 41385 | Elf:2    | Killed Louise
 41575 | Elf:2    | Reached skill level 10 in Throwing
 42126 | Elf:2    | Found a huge runed translucent gate.
 42126 | Elf:2    | Found a huge runed translucent gate.
 42148 | Elf:2    | Noticed Zenata
 42167 | Elf:2    | Killed Zenata
 42170 | Elf:2    | Reached XP level 20. HP: 199/202 MP: 23/27
 42170 | Elf:2    | Reached XP level 21. HP: 205/208 MP: 23/28
 42446 | Elf:2    | Reached skill level 15 in Evocations
 42579 | Elf:2    | Reached skill level 10 in Invocations
 43157 | Elf:3    | Identified the +7 lajatang of Haheen {heavy, Dex+3} (Trog
                  | gifted it to you on level 3 of the Elven Halls)
 43157 | Elf:3    | Received a gift from Trog
 43399 | Abyss:3  | Cast into level 3 of the Abyss (a deep elf sorcerer)
 43428 | Elf:3    | Escaped the Abyss
 44963 | Elf:3    | Paralysed by an air elemental for 1 turns
 45083 | Elf:3    | Identified the staff of Peril {rElec rPois Dex+3 Stlth+
                  | Air}
 45172 | Elf:3    | Identified the staff of Due Proportion {rElec rF+ rN+ Int+3
                  | Fire}
 45301 | Orc:2    | Bought a wand of mindburst (1) for 36 gold pieces
 45301 | Orc:2    | Bought a condenser vane for 1040 gold pieces
 45455 | Vaults:1 | Entered Level 1 of the Vaults
 45490 | Vaults:1 | Identified the +2 robe "Quaph" {Harm Str+3 Dex-2}
 45493 | Vaults:1 | Received a gift from Trog
 45664 | Vaults:1 | Reached skill level 11 in Invocations
 45674 | Vaults:1 | Reached XP level 22. HP: 219/219 MP: 28/30
 46084 | Vaults:1 | Received a gift from Trog
 46609 | Vaults:1 | Reached skill level 10 in Dodging
 47474 | Vaults:2 | Found Liehurya's Antique Armour Shop.
 47482 | Vaults:2 | Bought a glowing barding for 832 gold pieces
 47482 | Vaults:2 | Bought a runed hat for 224 gold pieces
 48127 | Vaults:2 | Reached skill level 12 in Invocations
 49460 | Vaults:3 | Received a gift from Trog
 49561 | Vaults:3 | Found Efaef's Jewellery Boutique.
 49847 | Vaults:3 | Found a staircase to the Crypt.
 50999 | Vaults:4 | Reached skill level 13 in Invocations
 51116 | Vaults:4 | Received a gift from Trog
 51251 | Vaults:4 | Found Tylow's Distillery.
 51259 | Vaults:4 | Bought a potion of heal wounds for 105 gold pieces
 51259 | Vaults:4 | Bought a potion of resistance for 210 gold pieces
 51418 | Vaults:4 | Reached XP level 23. HP: 230/230 MP: 30/32
 51836 | Vaults:4 | Found a runed translucent door.
 51836 | Vaults:4 | Noticed Wiath's ghost (adept DrBr)
 51872 | Vaults:4 | Killed Wiath's ghost
 52115 | Crypt:1  | Entered Level 1 of the Crypt
 52148 | Crypt:1  | Received a gift from Trog
 52716 | Crypt:1  | Reached XP level 24. HP: 239/239 MP: 33/33
 52716 | Crypt:1  | Reached XP level 25. HP: 247/247 MP: 33/33
 53725 | Crypt:2  | Reached skill level 15 in Armour
 54119 | Crypt:2  | Acquired the ring "Yci Ceax" {rElec rPois rC+ MP+9}
 54142 | Crypt:3  | Entered Level 3 of the Crypt
 54151 | Crypt:3  | Reached skill level 14 in Invocations
 54259 | Crypt:3  | Reached skill level 15 in Staves
 54271 | Crypt:3  | Reached skill level 15 in Throwing
 54494 | Crypt:3  | Received a gift from Trog
 55009 | Crypt:3  | Found an ancient bone altar of Kikubaaqudgha.
 55009 | Crypt:3  | Noticed a dread lich
 55017 | Crypt:3  | Killed a dread lich
 55275 | Crypt:3  | Found a staircase to the Tomb.
 56249 | Depths:1 | Entered Level 1 of the Depths
 56416 | Depths:1 | Received a gift from Trog
 56482 | Depths:1 | Reached skill level 15 in Invocations
 56595 | Depths:1 | Found an iron altar of Okawaru.
 56600 | Depths:1 | Found a one-way gateway to a ziggurat.
 57219 | Depths:1 | Found a faded altar of an unknown god.
 57450 | Depths:1 | Identified the amulet "Elia" {Reflect *Corrode rN++ Regen+
                  | SH+5 Stlth+}
 57791 | Depths:1 | Found a gateway to Hell.
 57996 | Depths:1 | Found a faded altar of an unknown god.
 58068 | Depths:1 | Found an iron altar of Okawaru.
 58074 | Depths:1 | Found a one-way gateway to a ziggurat.
 58247 | Depths:1 | Found a gateway to Hell.
 58729 | Depths:2 | Reached XP level 26. HP: 255/255 MP: 34/34
 58734 | Depths:2 | Received a gift from Trog
 59149 | Depths:2 | Found a one-way gate leading to the halls of Pandemonium.
 59558 | Depths:3 | Reached skill level 16 in Invocations
 60373 | Depths:3 | Received a gift from Trog
 60455 | Depths:3 | Found a one-way gate to the infinite horrors of the Abyss.
 60686 | Depths:3 | Found an ornate altar of the Wu Jian Council.
 60824 | Depths:3 | Found Moco's Jewellery Boutique.
 61294 | Depths:3 | Found Moco's Jewellery Boutique.
 61394 | Depths:3 | Found a one-way gate to the infinite horrors of the Abyss.
 61406 | Depths:3 | Found an ornate altar of the Wu Jian Council.
 61745 | Depths:4 | Entered Level 4 of the Depths
 62480 | Depths:4 | Reached skill level 17 in Invocations
 62630 | Depths:4 | Found Roff's Jewellery Shoppe.
 63845 | Vaults:4 | Bought 2 potions of curing for 126 gold pieces
 63845 | Vaults:4 | Bought a potion of haste for 210 gold pieces
 63845 | Vaults:4 | Bought a potion of haste for 210 gold pieces
 63845 | Vaults:4 | Bought a potion of ambrosia for 168 gold pieces
 63845 | Vaults:4 | Bought a potion of magic for 168 gold pieces
 64085 | Depths:4 | Found Qineven's Magic Scroll Boutique.
 64088 | Depths:4 | Received a gift from Trog
 64102 | Depths:4 | Bought a scroll of fog for 56 gold pieces
 64102 | Depths:4 | Bought a scroll of fog for 56 gold pieces
 64102 | Depths:4 | Bought a scroll of teleportation for 42 gold pieces
 64102 | Depths:4 | Bought a scroll of blinking for 105 gold pieces
 64102 | Depths:4 | Bought a scroll of immolation for 56 gold pieces
 64225 | Depths:4 | Found a gate to the Realm of Zot.
 64384 | Depths:4 | Found Nuniuhuo's Armour Emporium.
 64542 | Depths:4 | Found Xaic's Antique Weapon Boutique.
 64832 | Depths:4 | Found an ancient bone altar of Kikubaaqudgha.
 65024 | Depths:4 | Found Fepnyn's Book Emporium.
 65024 | Depths:4 | Found Vupt's Jewellery Shop.
 65025 | Depths:4 | Found Zafuc's Jewellery Shop.
 65525 | Vaults:5 | Entered Level 5 of the Vaults
 65628 | Vaults:5 | Got a silver rune of Zot
 65707 | Vaults:5 | Reached skill level 18 in Invocations
 66078 | Vaults:5 | Noticed an ancient lich
 66078 | Vaults:5 | Identified the +10 morningstar of Tenacity {vamp, *Rage rC+
                  | Will+ Str+2}
 66116 | Vaults:5 | Killed an ancient lich
 66145 | Vaults:5 | Received a gift from Trog
 66206 | Vaults:5 | Noticed a dread lich
 66226 | Vaults:5 | Killed a dread lich
 66227 | Vaults:5 | Reached XP level 27. HP: 131/263 MP: 36/36
 66242 | Vaults:5 | Reached skill level 19 in Invocations
 66505 | Vaults:5 | Noticed an ancient lich
 66519 | Vaults:5 | Killed an ancient lich
 66535 | Vaults:5 | Noticed a dread lich
 66545 | Vaults:5 | Killed a dread lich
 66546 | Vaults:5 | Reached skill level 20 in Invocations
 66580 | Vaults:5 | Received a gift from Trog
 66984 | Vaults:5 | Identified the +8 chain mail "Maru" {Rampage Dex+2 SInv}
 67463 | Vaults:5 | Noticed an ancient lich
 67471 | Vaults:5 | Killed an ancient lich
 67544 | Vaults:5 | Identified the +2 quarterstaff "Lodwit" {speed, rC+ rN+}
 67617 | Vaults:5 | Identified the +7 plate armour of Insurance {Dex+2 SInv}
 68223 | Zot:1    | Entered Level 1 of the Realm of Zot
 68318 | Zot:2    | Reached skill level 21 in Invocations
 68513 | Zot:4    | Found a transporter.
 68582 | Zot:5    | Entered Level 5 of the Realm of Zot
 68585 | Zot:5    | Found a glowing silver altar of Zin.
 68734 | Zot:5    | Found a burning altar of Makhleb.
 69488 | Zot:5    | Noticed an orb of fire
 69497 | Zot:5    | Gained mutation: You are weak. (Str -2) [an orb of fire]
 69526 | Zot:5    | Killed an orb of fire
 69840 | Zot:5    | Noticed a dread lich
 69852 | Zot:5    | Killed a dread lich
 69957 | Zot:5    | Noticed an orb of fire
 70307 | Zot:5    | Gained mutation: Your spells are a little easier to cast,
                  | but a little less powerful. [an orb of fire]
 70335 | Zot:5    | Killed an orb of fire
 70402 | Zot:5    | Noticed an orb of fire
 70408 | Zot:5    | Gained mutation: Your magical capacity is low. (-10% MP)
                  | [an orb of fire]
 70413 | Zot:5    | Noticed an orb of fire
 70428 | Zot:5    | Killed an orb of fire
 70428 | Zot:5    | Gained mutation: You are very weak. (Str -4) [an orb of
                  | fire]
 70461 | Zot:5    | Got the Orb of Zot
 70482 | Zot:5    | Noticed a dread lich
 70586 | Zot:4    | Lost mutation: Your magical capacity is low. (-10% MP)
                  | [potion of mutation]
 70586 | Zot:4    | Lost mutation: Your spells are a little easier to cast, but
                  | a little less powerful. [potion of mutation]
 70586 | Zot:4    | Lost mutation: You are very weak. (Str -4) [potion of
                  | mutation]
 70586 | Zot:4    | Lost mutation: You are weak. (Str -2) [potion of mutation]
 70586 | Zot:4    | Gained mutation: You are vulnerable to cold. (rC-) [potion
                  | of mutation]
 70586 | Zot:4    | Gained mutation: You are strong-willed. (Will+) [potion of
                  | mutation]
 70586 | Zot:4    | Gained mutation: You have a beak for a mouth. [potion of
                  | mutation]
 70586 | Zot:4    | Gained mutation: Your mind is acute. (Int +4, Str/Dex -1)
                  | [potion of mutation]
 70586 | Zot:4    | Gained mutation: You are agile. (Dex +4, Str/Int -1)
                  | [potion of mutation]
 70587 | Zot:4    | Lost mutation: You have a beak for a mouth. [potion of
                  | mutation]
 70587 | Zot:4    | Lost mutation: You are vulnerable to cold. (rC-) [potion of
                  | mutation]
 70587 | Zot:4    | Lost mutation: Your mind is acute. (Int +4, Str/Dex -1)
                  | [potion of mutation]
 70587 | Zot:4    | Lost mutation: You are agile. (Dex +4, Str/Int -1) [potion
                  | of mutation]
 70587 | Zot:4    | Lost mutation: You are strong-willed. (Will+) [potion of
                  | mutation]
 70587 | Zot:4    | Gained mutation: You are clumsy. (Dex -2) [potion of
                  | mutation]
 70587 | Zot:4    | Gained mutation: You occasionally lose the ability to drink
                  | potions when taking damage. [potion of mutation]
 70587 | Zot:4    | Gained mutation: You expend magic power (3 MP) to
                  | strengthen your wands. [potion of mutation]
 70588 | Zot:4    | Lost mutation: You are clumsy. (Dex -2) [potion of
                  | mutation]
 70588 | Zot:4    | Lost mutation: You expend magic power (3 MP) to strengthen
                  | your wands. [potion of mutation]
 70588 | Zot:4    | Lost mutation: You occasionally lose the ability to drink
                  | potions when taking damage. [potion of mutation]
 70588 | Zot:4    | Gained mutation: You have a pair of small horns on your
                  | head. [potion of mutation]
 70588 | Zot:4    | Gained mutation: You are partially covered in iridescent
                  | scales. (AC +2) [potion of mutation]
 70588 | Zot:4    | Gained mutation: You are occasionally teleported next to
                  | monsters. [potion of mutation]
 70588 | Zot:4    | Gained mutation: Your muscles are strong. (Str +4, Int/Dex
                  | -1) [potion of mutation]
 70588 | Zot:4    | Gained mutation: You occasionally lose the ability to read
                  | scrolls when taking damage. [potion of mutation]
 70588 | Zot:4    | Gained mutation: Your natural rate of healing is unusually
                  | fast. [potion of mutation]
 70588 | Zot:4    | Gained mutation: You heal very quickly. [potion of
                  | mutation]
 70589 | Zot:4    | Lost mutation: You are occasionally teleported next to
                  | monsters. [potion of mutation]
 70589 | Zot:4    | Lost mutation: You occasionally lose the ability to read
                  | scrolls when taking damage. [potion of mutation]
 70589 | Zot:4    | Lost mutation: You have a pair of small horns on your head.
                  | [potion of mutation]
 70589 | Zot:4    | Lost mutation: You are partially covered in iridescent
                  | scales. (AC +2) [potion of mutation]
 70589 | Zot:4    | Gained mutation: You possess an exceptional clarity of
                  | mind. [potion of mutation]
 70589 | Zot:4    | Lost mutation: You possess an exceptional clarity of mind.
                  | [potion of mutation]
 70589 | Zot:4    | Gained mutation: You are covered in fur. (AC +1) [potion of
                  | mutation]
 70589 | Zot:4    | Gained mutation: Your body sometimes deteriorates upon
                  | taking damage. [potion of mutation]
 70589 | Zot:4    | Gained mutation: Your flesh is cold resistant. (rC+)
                  | [potion of mutation]
 71008 | D:1      | Noticed Bull the pandemonium lord
 71022 | D:1      | Killed Bull the pandemonium lord
 71022 | D:1      | Received a gift from Trog
 71161 | D:$      | Escaped with the Orb!

Illustrated notes

Levels and vault maps discovered:
D:1:      kilobyte_arrival_exit_the_forest, layout_basic
D:2:      layout_loops_ring, serial_shops, shop, basic_altar, chequers_big_river
D:3:      layout_rooms, okawaru_trees_1, hellmonk_ecumenical_altar_lost_god
D:4:      layout_basic, mainiacjoe_overflow_24_doors, minmay_temple_entry_tees,
          kennysheep_pointless_box
D:5:      layout_cave_pools, vehumet_statue, serial_shops,
          nicolae_shop_competitors_out_of_business, dk_vineyard_3,
          chequers_hall_statues_y, st_stairs_9, uniq_duvessa
D:6:      layout_rooms, nicolae_dithmenos_through_a_glass_darkly,
          cheibrodos_sewer_entry_bend, serial_bayou_lake_a, uniq_edmund
D:7:      layout_gridville, mainiacjoe_overflow_surrounded_room,
          minmay_starry_boxes
D:8:      layout_basic, tso_oasis_becter, gammafunk_temple_overflow_elements
D:9:      layout_loops_ring, kennysheep_nondescript, serial_bayou_lagoon_b
D:10:     layout_gridville, serial_rivers, chequers_serial_rivers_small_b,
          chequers_serial_rivers_micro_d, chequers_serial_rivers_room_a,
          chequers_serial_rivers_room_a, chequers_serial_rivers_small_a,
          chequers_serial_rivers_room_a, minmay_rotating_lava
D:11:     layout_basic, due_lair_maze_entry_diamond, hiddenorc1_lemuel
D:12:     layout_cross
D:13:     layout_basic
D:14:     layout_roguey, erik_vaults_2, serial_park_gazebo
          [serial_park_minivault_5x5_2], gammafunk_ghost_arena
D:15:     hangedman_depths_entry_try_elsewhere_first, layout_layer_cave,
          serial_bayou_ford_a, uniq_azrael
Lair:1:   layout_gridlike, lemuel_fruit_fields
Lair:2:   layout_cave_pods, dummy_spider_entry, gammafunk_ghost_arena,
          lemuel_fruit_tree, grunt_megastairs_4
Lair:3:   layout_small_grid, swamp_mist
Lair:4:   layout_regular_city
Lair:5:   cheibrodos_lair_end_hotspot, layout_regular_city,
          nicolae_slime_entry_field_trip, minivault_27
Swamp:1:  layout_basic_swamp, evilmike_swamp_ruin_house_5
Swamp:2:  layout_basic_swamp, evilmike_swamp_ruin_house_1, swamp_pool3,
          infiniplex_staircase_pool_2
Swamp:3:  layout_basic_swamp, evilmike_swamp_ruin_rubble_2
Swamp:4:  swamp_vile, layout_basic_swamp, swamp_pool1, infiniplex_staircase_pool
Spider:1: layout_cave_pods, uniq_aizul
Spider:2: layout_spider_delve, ebering_ghost_inner_flame,
          hangedman_spider_tarantella_strand, uniq_arachne, uniq_nikola
Spider:3: layout_spider_delve, uniq_roxanne
Spider:4: hellmonk_spider_rune_endless_swarm
Orc:1:    layout_caves, basic_altar
Orc:2:    st_orc_town, layout_caves, basic_altar, uniq_snorg
Elf:1:    minmay_elf_arrival_circle, layout_geoelf_diagonals,
          minmay_elf_necromancy
Elf:2:    elven_hall_of_blades_hangedman_alternative
          [nicolae_blade_entry_pointy_end], layout_geoelf_grid,
          guppyfry_elf_castle, uniq_zenata, uniq_louise
Elf:3:    grunt_elf_hall_branching, layout_geoelf_octagon, lemuel_flamethrower_3
Vaults:1: nicolae_vaults_what_the_h, vaults_room_door_hall,
          vaults_dpeg_emergency_exit, hangedman_vaults_corner_blocks,
          nicolae_vaults_doubleplus_tesselated, hangedman_vaults_nails,
          nicolae_vaults_circle_grid_a, nicolae_vaults_back_hallway,
          grunt_vaults_twisty, nicolae_vaults_frosty_reception,
          nicolae_vaults_little_squares_4, nicolae_vaults_ring_of_whatevers,
          layout_vaults_ring
Vaults:2: nicolae_vaults_swerve, nicolae_vaults_closet_pinwheel_4,
          grunt_vaults_diagonal, ontoclasm_vaults_eye,
          nicolae_vaults_tetromino_L_1, v_misc_11,
          nicolae_vaults_yaktaur_gun_rack, layout_vaults_chaotic_city,
          serial_shops, nicolae_shop_dealshenge
Vaults:3: hangedman_vaults_unwind, nicolae_vaults_three_branches,
          nicolae_vaults_twisting_passages, minmay_crypt_entry_nasty_monster,
          nicolae_vaults_diagonal_hallway_9, vaults_mumra_hexcomb,
          ontoclasm_vaults_idyll, nicolae_vaults_little_squares_6,
          nicolae_vaults_tetromino_T_1, layout_vaults_quadrants, serial_shops,
          shop
Vaults:4: gammafunk_ghost_grave, v_misc_23, nicolae_vaults_closet_pinwheel_6,
          v_pattern_2, nicolae_vaults_storage_closets_3, vaults_room_pool,
          v_misc_4, nicolae_vaults_heart-shaped_vault, v_alt_pattern_3,
          hangedman_vaults_stream, vaults_dpeg_encased_lava,
          nicolae_vaults_shelves_hall, hangedman_vaults_stretched_pinwheel,
          layout_vaults_omnicross, serial_shops, shop
Vaults:5
Crypt:1:  layout_rooms
Crypt:2:  layout_gridlike
Crypt:3:  cryptofortress_bobbens
Depths:1: layout_forbidden_donut, enter_ziggurat_f, grunt_hell_entry_dis_grunt,
          lemuel_tele_altar, serial_column_ruins, column_ruins_temple_circle,
          column_ruins_corridor_straight, column_ruins_corridor_straight,
          column_ruins_open_small, column_ruins_open_small,
          column_ruins_open_tiny, grunt_ministairs_10, hangedman_glass_teeth,
          kennysheep_just_a_vault, serial_bayou_shore_b
Depths:2: hourglass_vault, layout_twisted_cross, hangedman_geh_valley,
          rand_demon_pan_entry_5, kennysheep_nub
Depths:3: hangedman_screamer, layout_gridlike, abyss_entry_glasseish,
          serial_shops, nicolae_shop_pleasant_corner_grove,
          grunt_pan_entry_zigzag, hell_entry, nzn_wu_jian_contemplation
Depths:4: evilmike_zot_entry_hall, layout_cave_shapes, serial_shops, shop,
          nicolae_square_shop, nicolae_shop_tiny_statue_garden,
          nicolae_lakefront_shop, serial_bayou_pond_d, hell_entry,
          lemuel_zombie_altar_kikubaaqudgha, minmay_shop_grove
Zot:1:    layout_basic, bh_zot_levy_curve, lemuel_golem_globe,
          grunt_megastairs_2
Zot:2:    layout_twisted_circle
Zot:3:    layout_misc_corridors, ebering_ghost_disaster_area, grunt_megastairs_1
Zot:4:    layout_cathedral_of_symmetry, nzn_ghost_randoct
Zot:5:    layout_gridlike, hangedman_feature_mirror

Skill      XL: |  1  2  3  4  5  6  7  8  9 10 11 12 13 14 15 16 17 18 19 20 21 22 23 24 25 26 27 |
---------------+----------------------------------------------------------------------------------+-----
Stealth        | 1 2 5 7 9 10 | 10.0
Maces & Flails | 3 4 5 |  5.6
Fighting       | 3 4 5 7 9 11 13 14 15 16 17 18 19 20 | 20.4
Armour         | 3 4 7 9 11 12 13 14 15 16 | 16.0
Staves         | 2 4 7 10 13 14 17 19 | 19.7
Evocations     | 2 5 6 7 9 11 12 13 14 15 16 | 16.6
Dodging        | 2 3 4 5 6 7 8 9 10 | 10.6
Throwing       | 2 5 6 7 8 9 10 11 13 14 16 | 16.0
Invocations    | 4 6 8 9 11 13 15 18 21 | 21.8

Action                     |  1- 3 |  4- 6 |  7- 9 | 10-12 | 13-15 | 16-18 | 19-21 | 22-24 | 25-27 || total
---------------------------+-------+-------+-------+-------+-------+-------+-------+-------+-------++-------
  Melee: Mace              |   105 |    58 |       |       |       |       |       |       |       ||   163
         Tailslap          |     8 |    12 |    34 |    66 |   193 |   292 |   112 |   205 |   533 ||  1455
         Punch             |       |     1 |       |       |       |       |       |       |       ||     1
         Lajatang          |       |    61 |   223 |   511 |  1083 |  1426 |   472 |   742 |  1907 ||  6425
         Unarmed           |       |     5 |       |       |     3 |       |       |       |       ||     8
         Quarterstaff      |       |       |       |       |    13 |    37 |       |       |    42 ||    92
  Throw: Dart              |    14 |    24 |     3 |    51 |    84 |       |       |     1 |     1 ||   178
         Stone             |       |       |    36 |    12 |       |       |       |       |       ||    48
         Throwing net      |       |       |       |       |     1 |     1 |     9 |       |     2 ||    13
         Boomerang         |       |       |       |       |   235 |   334 |       |   101 |    23 ||   693
         Javelin           |       |       |       |       |       |     2 |    56 |     7 |    51 ||   116
 Invoke: Berserk           |       |     3 |     2 |     5 |     4 |     3 |       |     2 |     3 ||    22
         Trog's Hand       |       |       |       |       |     8 |     9 |     6 |     1 |    27 ||    51
         Brothers in Arms  |       |       |       |       |       |     8 |       |     4 |     4 ||    16
  Evoke: Wand              |       |       |     6 |     6 |    10 |   105 |    28 |     1 |    15 ||   171
         Phantom mirror    |       |       |       |       |     2 |     7 |     3 |     2 |     6 ||    20
         Lightning rod     |       |       |       |       |    13 |    31 |    11 |     8 |    14 ||    77
         Phial of floods   |       |       |       |       |       |     3 |     2 |     1 |     2 ||     8
         Condenser vane    |       |       |       |       |       |       |     1 |     4 |     9 ||    14
    Use: Scroll            |       |     6 |     5 |    17 |     9 |    15 |     7 |     1 |    30 ||    90
         Potion            |       |     2 |       |     2 |     4 |     9 |     1 |     1 |    31 ||    50
   Stab: Sleeping          |     4 |     3 |     1 |     1 |     4 |     7 |     7 |     8 |    15 ||    50
         Petrified         |       |       |       |       |     3 |       |       |       |       ||     3
         Distracted        |       |       |       |       |     2 |     5 |     1 |     6 |    17 ||    31
         Petrifying        |       |       |       |       |     1 |       |       |       |       ||     1
         Confused          |       |       |       |       |       |     3 |     1 |       |     4 ||     8
         Invisible         |       |       |       |       |       |     7 |     4 |       |     5 ||    16
         Held in net/web   |       |       |       |       |       |       |     1 |       |     2 ||     3
         Betrayed ally     |       |       |       |       |       |       |       |       |     1 ||     1
 Armour: Animal skin       |     6 |       |       |       |       |       |       |       |       ||     6
         Leather armour    |    37 |    80 |    58 |       |       |       |       |       |       ||   175
         Skin              |       |    12 |       |       |       |       |       |       |       ||    12
         Troll leather arm |       |       |    42 |   182 |   639 |   351 |    37 |       |       ||  1251
         Ring mail         |       |       |       |    27 |    10 |   829 |   239 |   464 |  1325 ||  2894
  Dodge: Dodged            |    46 |    49 |    68 |   140 |   283 |   685 |   201 |   394 |  1011 ||  2877
Riposte: Lajatang          |       |       |       |       |    23 |   138 |    41 |    66 |   188 ||   456
         Quarterstaff      |       |       |       |       |     1 |     2 |       |       |     1 ||     4

Table legend: (Time is in decaauts)
 A = Elapsed time spent in this place.
 B = Non-inter-level travel time spent in this place.
 C = Inter-level travel time spent in this place.
 D = Time resting spent in this place.
 E = Time spent auto-exploring this place.
 F = Levels seen in this place.
 G = Mean time per level.
                   A        B        C        D        E       F      G
               +--------+--------+--------+--------+--------+-----+--------+
         Total |  69852 |  63463 |   6389 |   4562 |  40921 |  54 | 1293.6 |
       Dungeon |  18278 |  15932 |   2346 |    396 |  11742 |  15 | 1218.5 |
          Lair |   6273 |   5670 |    603 |     91 |   3489 |   5 | 1254.6 |
         Swamp |   3585 |   3404 |    181 |    171 |   2196 |   4 |  896.2 |
   Spider Nest |   8382 |   7800 |    582 |    629 |   5158 |   4 | 2095.5 |
  Orcish Mines |   1854 |   1606 |    248 |     63 |    944 |   2 |  927.0 |
   Elven Halls |   6964 |   6545 |    419 |   1448 |   3300 |   3 | 2321.3 |
        Vaults |   9468 |   8263 |   1205 |    362 |   5560 |   5 | 1893.6 |
         Crypt |   4159 |   3856 |    303 |    143 |   2646 |   3 | 1386.3 |
        Depths |   7708 |   7211 |    497 |    104 |   5628 |   4 | 1927.0 |
           Zot |   2272 |   2272 |      0 |   1014 |    219 |   5 |  454.4 |
         Abyss |    803 |    803 |      0 |    139 |      0 |   3 |  267.7 |
         Sewer |    102 |    102 |      0 |      0 |     37 |   1 |  102.0 |
               +--------+--------+--------+--------+--------+-----+--------+

Top non-repeatable levels by time:
Spider:3: 3054 daAuts
Depths:3: 2953 daAuts
   Elf:2: 2793 daAuts
   Elf:3: 2560 daAuts
    D:15: 2399 daAuts
Spider:4: 2379 daAuts
Vaults:5: 2254 daAuts
Vaults:3: 2244 daAuts
Depths:1: 2176 daAuts
 Crypt:3: 2035 daAuts
Spider:1: 1820 daAuts
    D:14: 1818 daAuts
   Zot:5: 1811 daAuts
     D:4: 1727 daAuts
Vaults:4: 1720 daAuts
